 Dungeon Crawl Stone Soup version 0.25-a0-404-gc1b5a34292 (webtiles) character file.

Game seed: 15974807709340361686, levelgen mode: deterministic

3262 Katsumi the Fighter (level 10, -3/84 HPs)
             Began as a Gnoll Wanderer on Jan 11, 2020.
             Was a Believer of Uskayaw.
             Hit by a large rock thrown by a cyclops (37 damage)
             ... on level 6 of the Dungeon.
             The game lasted 00:20:18 (10495 turns).

Katsumi the Fighter (Gnoll Wanderer)               Turns: 10495, Time: 00:20:19

Health: -3/84      AC: 10    Str: 15    XL:     10   Next: 0%
Magic:  17/17      EV: 12    Int: 18    God:    Uskayaw [**....]
Gold:   721        SH:  0    Dex: 14    Spells: 18/18 levels left

rFire    . . .     SeeInvis +   b - +7 arbalest "Him Ruwala" {freeze, rPois}
rCold    . . .     Gourm    .   (shield currently unavailable)
rNeg     . . .     Faith    +   h - +0 scale mail
rPois    +         Spirit   .   (no helmet)
rElec    .         Reflect  .   i - +1 cloak {rPois}
rCorr    .         Harm     .   (no gloves)
MR       .....                  (no boots)
Stlth    ++........             u - amulet of faith
HPRegen  0.24/turn              p - ring of see invisible
MPRegen  0.15/turn              (no ring)

@: no status effects
A: distributed training, fangs 1, strong nose
a: Stomp, Line Pass, Renounce Religion


You were on level 6 of the Dungeon.
You worshipped Uskayaw.
Uskayaw was noncommittal.
You were not hungry.

You visited 2 branches of the dungeon, and saw 9 of its levels.
You also visited: Sewer.

You collected 931 gold pieces.
You spent 210 gold pieces at shops.

Inventory:

Hand Weapons
 a - a +1 trident of freezing
 b - the +7 arbalest "Him Ruwala" (weapon) {freeze, rPois}
   (You found it on level 8 of the Dungeon)

   It causes projectiles fired from it to freeze those they strike, causing
   extra injury to most foes and up to half again as much damage against
   particularly susceptible opponents.
   They can also slow down cold-blooded creatures.
   It protects you from poison.
 w - a +0 broad axe
 B - a +2 mace
 D - a +5 dire flail of holy wrath
 Q - a +0 hunting sling
Missiles
 e - 196 stones
 n - 253 arrows
 y - 18 sling bullets
 C - 12 boomerangs
 E - a throwing net
 G - 8 atropa-tipped darts
 N - 23 bolts (quivered)
Armour
 h - a +0 scale mail (worn)
 i - a +1 cloak of poison resistance (worn)
 K - a +0 ring mail
 L - a +1 leather armour of fire resistance
Jewellery
 p - a ring of see invisible (left hand)
 u - an amulet of faith (around neck)
 O - an uncursed amulet of regeneration {unknown}
Wands
 J - a wand of iceblast (8)
 P - a wand of flame (18)
Scrolls
 c - 2 scrolls of teleportation
 g - 3 scrolls of blinking {unknown}
 j - 5 scrolls of identify {unknown}
 k - 3 scrolls of immolation {unknown}
 o - a scroll of amnesia {unknown}
 s - 3 scrolls of remove curse
 v - a scroll of fear {unknown}
 A - a scroll of magic mapping {unknown}
 M - a scroll of noise {unknown}
Potions
 f - a potion of experience {unknown}
 l - 2 potions of flight
 m - a potion of lignification {unknown}
 q - a potion of mutation {unknown}
 r - 2 potions of degeneration
 t - a potion of might {unknown}
 x - a potion of invisibility {unknown}
 z - a potion of agility {unknown}
 F - a potion of resistance
 H - a potion of haste {unknown}
 I - 2 potions of magic {unknown}
Comestibles
 d - 10 rations
 R - a chunk of flesh


   Skills:
 + Level 9.7 Fighting
 + Level 4.7 Short Blades
 + Level 4.7 Long Blades
 + Level 4.7 Axes
 + Level 5.4 Maces & Flails
 + Level 4.7 Polearms
 + Level 4.7 Staves
 + Level 4.7 Slings
 + Level 4.7 Bows
 + Level 4.7 Crossbows
 + Level 5.4 Throwing
 + Level 8.1 Armour
 + Level 4.7 Dodging
 + Level 5.3 Stealth
 + Level 4.7 Shields
 + Level 4.7 Unarmed Combat
 + Level 4.7 Spellcasting
 + Level 3.9 Conjurations
 + Level 3.9 Hexes
 + Level 3.9 Charms
 + Level 3.9 Summonings
 + Level 3.9 Necromancy
 + Level 3.9 Translocations
 + Level 3.9 Transmutations
 + Level 3.9 Fire Magic
 + Level 3.9 Ice Magic
 + Level 3.9 Air Magic
 + Level 3.9 Earth Magic
 + Level 3.9 Poison Magic
 + Level 5.1 Invocations
 + Level 4.7 Evocations


You had 18 spell levels left.
You didn't know any spells.
Your spell library contained the following spells:

 Spells                   Type           Power        Failure   Level  Hunger
 Beastly Appendage        Tmut           ###...       9%          1    None
 Sticks to Snakes         Tmut           ###.....     14%         2    #......
 Confusing Touch          Hex            ###.....     26%         3    ###....
 Gell's Gravitas          Tloc           ###.......   26%         3    ###....
 Spider Form              Tmut/Pois      ###.......   26%         3    ###....
 Ice Form                 Ice/Tmut       ###.....     65%         4    ####...
 Petrify                  Tmut/Erth      ###.....     65%         4    ####...
 Blade Hands              Tmut           ###.......   94%         5    ######.
 Metabolic Englaciation   Hex/Ice        ###.......   94%         5    ######.
 Yara's Violent Unravell  Hex/Tmut       ###.......   94%         5    ######.


Dungeon Overview and Level Annotations

Branches:
Dungeon (8/15)             Temple (1/1) D:4           Sewer (visited)
   Lair: D:8-11

Altars:
Ashenzari
Cheibriados
Dithmenos
Elyvilon
Fedhas
Gozag
Hepliaklqana
Kikubaaqudgha
Nemelex Xobeh
Okawaru
Qazlal
Ru
Sif Muna
Trog
Uskayaw
Vehumet
Wu Jian
Xom
Yredelemnul
Zin
The Shining One

Shops:
D:4 (   D:6 *   D:7 [[**[


Innate Abilities, Weirdness & Mutations

Your experience applies equally to all skills.
You have very sharp teeth.
Your uncanny sense of smell can sniff out nearby items.


Message History

Firing (i - inventory. (/) - cycle)
N - 25 bolts (quivered)
Press: ? - help, Shift-Dir - straight line, f - cyclops
Aim: a cyclops, quivering 5 large rocks (hasn't noticed you)
You shoot a bolt. The cyclops shouts!
The bolt hits the cyclops!!
The bolt freezes the cyclops!
The cyclops is heavily wounded.
The cyclops throws a large rock.
The large rock hits you!
You can now pass through a line of other dancers.
Unknown command.
Unknown command.
Firing (i - inventory. (/) - cycle)
N - 24 bolts (quivered)
Press: ? - help, Shift-Dir - straight line, f/p - cyclops
Aim: a cyclops, quivering 4 large rocks (heavily wounded)
You shoot a bolt. The bolt hits the cyclops!
The bolt freezes the cyclops.
The cyclops is severely wounded.
The cyclops throws a large rock.
The large rock hits you!!
An orc warrior comes into view. It is wielding a +0 mace.
The cyclops throws a large rock.
The large rock hits you!!!
You die...

...#..÷.# #....#.........
...#.⌠..#
.o#...C#<..........##.
...#..⌠.#
.#....######......##.
...'....# '....#
##.#######
..[###########....# ##.##
...#.........#....#
##...### #
...#.........#....#
#......# ##
...#.........#....###
##...#.# #.
...#.........#8.@.#.#
##.##.# #.
########'########'#.##
####.###.
..P#.........#....#..#
#.....
...#.........#....#..#
#####.
..P#....÷....#....#..####
#.
)..#.........#....#.....#
#.
..P#.........#....#.###.#
## ...#.........#....#.#
#.# ..P#.........#....###
#.#


You could see a cyclops and an orc warrior (wandering).

Vanquished Creatures
  A centaur warrior (D:6)
  A troll (D:6)
  A vampire (D:7)
  A wyvern (D:8)
  Edmund (D:4)
  Purgy (Sewer)
  2 sky beasts
  2 ogres
  5 centaurs
  4 bullfrogs (D:6)
  A scorpion (D:8)
  3 wights (D:8)
  A howler monkey (D:4)
  A crimson imp (D:6)
  A bullfrog zombie (D:6)
  Crazy Yiuf (D:5)
  An orc priest (D:3)
  10 orc wizards
  A worker ant zombie (D:8)
  4 gnolls (D:5)
  A howler monkey skeleton (D:7)
  9 adders
  An ooze (D:3)
  An adder skeleton (D:4)
  A worm (D:5)
  3 dart slugs (D:1)
  7 leopard geckos
  35 orcs
  2 ball pythons
  9 bats
  9 giant cockroaches
  5 goblins
  3 hobgoblins
  5 jackals
  9 kobolds
  7 quokkas
  10 frilled lizards
  A giant cockroach zombie (D:6)
  A jackal skeleton (D:8)
  5 rats
167 creatures vanquished.

Notes
Turn   | Place    | Note
-------+----------+-------------------------------------------
     0 | D:1      | Katsumi the Gnoll Wanderer began the quest for the Orb.
     0 | D:1      | Katsumi set off with the following items: a +2 mace, a +0
                  | ring mail, a scroll of teleportation, a ration
     0 | D:1      | Reached XP level 1. HP: 26/26 MP: 1/1
   101 | D:1      | Reached XP level 2. HP: 33/33 MP: 2/2
   531 | D:1      | Reached XP level 3. HP: 38/38 MP: 3/3
   848 | D:2      | Reached skill level 1 in Invocations
   936 | D:2      | Reached skill level 1 in Short Blades
   936 | D:2      | Reached skill level 1 in Long Blades
   936 | D:2      | Reached skill level 1 in Axes
   936 | D:2      | Reached skill level 1 in Polearms
   936 | D:2      | Reached skill level 1 in Staves
   936 | D:2      | Reached skill level 1 in Slings
   936 | D:2      | Reached skill level 1 in Bows
   936 | D:2      | Reached skill level 1 in Crossbows
   936 | D:2      | Reached skill level 1 in Dodging
   936 | D:2      | Reached skill level 1 in Shields
   936 | D:2      | Reached skill level 1 in Unarmed Combat
   936 | D:2      | Reached skill level 1 in Spellcasting
   936 | D:2      | Reached skill level 1 in Evocations
   988 | D:2      | Reached XP level 4. HP: 45/45 MP: 5/5
  1043 | D:2      | Noticed a sky beast
  1098 | D:2      | Killed a sky beast
  1098 | D:2      | Reached skill level 1 in Conjurations
  1098 | D:2      | Reached skill level 1 in Hexes
  1098 | D:2      | Reached skill level 1 in Charms
  1098 | D:2      | Reached skill level 1 in Summonings
  1098 | D:2      | Reached skill level 1 in Necromancy
  1098 | D:2      | Reached skill level 1 in Translocations
  1098 | D:2      | Reached skill level 1 in Transmutations
  1098 | D:2      | Reached skill level 1 in Fire Magic
  1098 | D:2      | Reached skill level 1 in Ice Magic
  1098 | D:2      | Reached skill level 1 in Air Magic
  1098 | D:2      | Reached skill level 1 in Earth Magic
  1098 | D:2      | Reached skill level 1 in Poison Magic
  1098 | D:2      | Reached XP level 5. HP: 27/51 MP: 5/7
  1793 | D:3      | Found a glowing drain.
  1903 | Sewer    | Entered a sewer
  1919 | Sewer    | Noticed Purgy
  1942 | Sewer    | Killed Purgy
  1942 | Sewer    | Reached XP level 6. HP: 31/57 MP: 8/8
  2915 | D:3      | Reached XP level 7. HP: 53/63 MP: 10/10
  3408 | D:4      | Found Deusmad's Weapon Shoppe.
  3415 | D:4      | Noticed Edmund
  3891 | D:4      | Found a staircase to the Ecumenical Temple.
  3898 | Temple   | Entered the Ecumenical Temple
  3976 | Temple   | Became a worshipper of Uskayaw the Reveler
  4071 | D:4      | Reached * piety under Uskayaw
  4537 | D:4      | Reached ** piety under Uskayaw
  4539 | D:4      | Reached *** piety under Uskayaw
  4656 | D:4      | Killed Edmund
  4656 | D:4      | Reached skill level 9 in Fighting
  5034 | D:5      | Entered Level 5 of the Dungeon
  5061 | D:5      | Reached XP level 8. HP: 38/71 MP: 8/12
  5062 | D:5      | Reached **** piety under Uskayaw
  5066 | D:5      | Reached ***** piety under Uskayaw
  5596 | D:5      | Found a runed translucent door.
  5597 | D:5      | Noticed Crazy Yiuf
  5648 | D:5      | Found a shimmering altar of Xom.
  6030 | D:5      | Killed Crazy Yiuf
  6188 | D:6      | Found Arphaolyj's Mayhem Merchandise.
  6193 | D:6      | Bought a wand of iceblast (10) for 210 gold pieces
  6460 | D:6      | Found an opulent altar of Gozag.
  6463 | D:6      | Found a hazy altar of Hepliaklqana.
  6479 | D:6      | Found an iron altar of Okawaru.
  6857 | D:7      | Found Ymnowiyss's Antique Armour Boutique.
  6994 | D:7      | Found Archah's Antique Armour Boutique.
  7027 | D:7      | Found a white marble altar of Elyvilon.
  7191 | D:7      | Found Taeth's Assorted Antiques.
  7259 | D:7      | Found Iniv's General Store.
  7397 | D:7      | Found Yppinas's Antique Armour Shoppe.
  7951 | D:6      | Noticed a vampire
  7955 | D:6      | Reached XP level 9. HP: 76/76 MP: 14/14
  7983 | D:6      | HP: 2/76 [vampire (3)]
  8569 | D:8      | Got a warped arbalest
  8570 | D:8      | Identified the +7 arbalest "Him Ruwala" {freeze, rPois}
                  | (You found it on level 8 of the Dungeon)
  9476 | D:6      | Noticed a centaur warrior
  9478 | D:6      | Noticed a troll
  9481 | D:6      | Reached skill level 5 in Maces & Flails
  9481 | D:6      | Reached skill level 5 in Throwing
  9969 | D:6      | Killed a troll
  9969 | D:6      | Reached skill level 5 in Stealth
 10017 | D:6      | Killed a centaur warrior
 10017 | D:6      | Reached skill level 5 in Invocations
 10444 | D:6      | Reached XP level 10. HP: 84/84 MP: 17/17
 10492 | D:6      | Noticed a cyclops
 10495 | D:6      | Hit by a large rock thrown by a cyclops

Levels and vault maps discovered:
D:1:      dpeg_arrival_signposts, layout_basic, hangedman_abyss_or_decor_stabs
D:2:      layout_basic
D:3:      layout_loops_ring, cheibrodos_sewer_entry_drain
D:4:      layout_basic, minmay_temple_entry_nine_rooms, serial_shops, shop,
          first_ration, uniq_edmund
D:5:      layout_cave_pools, kennysheep_little_box, uniq_crazy_yiuf_cottage
D:6:      minmay_klotski, layout_loops_cross, grunt_temple_overflow_diamond,
          mrwooster_statue_mirror, minmay_shop_mayhem, hangedman_decor_slide_cut
D:7:      layout_basic, overflow_temple_1_default, serial_shops, shop,
          shop_statue, shop, nicolae_shop_behind_doors, nicolae_shop_stone
D:8:      layout_gridville, lemuel_coloured_pillars_altar
Temple:   nicolae_temple_x_marks_the_god

Skill      XL: |  1  2  3  4  5  6  7  8  9 |
---------------+----------------------------+-----
Invocations    | 1 2 3 4 5 |  5.1
Short Blades   | 1 2 3 4 |  4.7
Long Blades    | 1 2 3 4 |  4.7
Axes           | 1 2 3 4 |  4.7
Polearms       | 1 2 3 4 |  4.7
Staves         | 1 2 3 4 |  4.7
Slings         | 1 2 3 4 |  4.7
Bows           | 1 2 3 4 |  4.7
Crossbows      | 1 2 3 4 |  4.7
Dodging        | 1 2 3 4 |  4.7
Shields        | 1 2 3 4 |  4.7
Unarmed Combat | 1 2 3 4 |  4.7
Spellcasting   | 1 2 3 4 |  4.7
Evocations     | 1 2 3 4 |  4.7
Conjurations   | 1 2 3 |  3.9
Hexes          | 1 2 3 |  3.9
Charms         | 1 2 3 |  3.9
Summonings     | 1 2 3 |  3.9
Necromancy     | 1 2 3 |  3.9
Translocations | 1 2 3 |  3.9
Transmutations | 1 2 3 |  3.9
Fire Magic     | 1 2 3 |  3.9
Ice Magic      | 1 2 3 |  3.9
Air Magic      | 1 2 3 |  3.9
Earth Magic    | 1 2 3 |  3.9
Poison Magic   | 1 2 3 |  3.9
Maces & Flails | 3 4 5 |  5.4
Throwing       | 3 4 5 |  5.4
Stealth        | 3 4 5 |  5.3
Armour         | 7 8 |  8.1
Fighting       | 9 |  9.7

Action                   |  1- 3 |  4- 6 |  7- 9 | 10-12 || total
-------------------------+-------+-------+-------+-------++-------
Melee: Mace              |    70 |   160 |    79 |       ||   309
       Bite              |     1 |    15 |    31 |       ||    47
       Trident           |       |       |   293 |       ||   293
       Punch             |       |       |     6 |       ||     6
 Fire: Hunting sling     |       |       |    28 |       ||    28
       Arbalest          |       |       |    26 |     2 ||    28
Throw: Stone             |       |     1 |       |       ||     1
Invok: Stomp             |       |       |     3 |       ||     3
       Line Pass         |       |       |     2 |       ||     2
Evoke: Wand              |       |       |     7 |       ||     7
  Use: Scroll            |       |       |     4 |       ||     4
       Potion            |       |       |     4 |       ||     4
 Stab: Sleeping          |     1 |     1 |     2 |       ||     4
       Paralysed         |       |       |     7 |       ||     7
  Eat: Chunk             |       |     7 |    15 |       ||    22
       Ration            |       |       |     3 |       ||     3
Armor: Scale mail        |    37 |   120 |   152 |       ||   309
       Ring mail         |     3 |       |       |       ||     3
Dodge: Dodged            |    38 |   102 |   232 |       ||   372

Table legend:
 A = Non-vault XP
 B = Vault XP
 C = Vault XP percentage of total XP
 D = Non-vault monster count
 E = Vault monster count
 F = Vault count percentage of total count
                 A         B        C        D         E       F
            +---------+---------+-------+---------+---------+-------
      Total |    2634 |    2026 |  43.5 |     147 |      20 |  12.0
            +---------+---------+-------+---------+---------+-------
        D:1 |      38 |       0 |   0.0 |      19 |       0 |   0.0
        D:2 |     177 |       0 |   0.0 |      17 |       0 |   0.0
        D:3 |     290 |       3 |   1.0 |      40 |       2 |   4.8
        D:4 |     303 |     157 |  34.1 |      19 |       1 |   5.0
        D:5 |     431 |      41 |   8.7 |      13 |       1 |   7.1
        D:6 |     627 |    1487 |  70.3 |      19 |       8 |  29.6
        D:7 |     175 |     207 |  54.2 |      11 |       2 |  15.4
        D:8 |     593 |       0 |   0.0 |       9 |       0 |   0.0
      Sewer |       0 |     131 | 100.0 |       0 |       6 | 100.0
            +---------+---------+-------+---------+---------+-------
